| TOP OF THE 1ST |
|
Minnesota (NYP) Twins batting - Pitching for Aberdeen Ironbirds : RHP Brian Tarver
|
|
Pitching: RHP Brian Tarver
|
|
|
Batting: LHB Chris Munguia
|
0-0: Ball 1-0: Ground out U3 (Groundball, 3, EV 102.5 MPH)
|
|
Batting: RHB David Nardone
|
0-0: Ball 1-0: Ground out 6-3 (Groundball, 6, EV 101.9 MPH)
|
|
Batting: RHB Miguel Diaz
|
0-0: Called Strike 0-1: Ball 1-1: Called Strike 1-2: Ball 2-2: Hit by Pitch
|
|
Batting: RHB Michael McDonald
|
0-0: Swinging Strike Passed Ball! Miguel Diaz to second 0-1: Called Strike 0-2: Strikes out swinging
|
| Top of the 1st over - 0 runs, 0 hits, 0 errors, 1 left on base; Minnesota (NYP) 0 - Aberdeen 0 |
| BOTTOM OF THE 1ST |
|
Aberdeen Ironbirds batting - Pitching for Minnesota (NYP) Twins : LHP Josh Armstrong
|
|
Pitching: LHP Josh Armstrong
|
|
|
Batting: LHB Shane Free
|
0-0: Called Strike 0-1: Hit by Pitch
|
|
Batting: RHB Travis Carter
|
0-0: Called Strike 0-1: Ball Shane Free is caught stealing 2nd base 2-4 1-1: Ball 2-1: Ball 3-1: Foul Ball, location: 2F 3-2: Ground out 6-3 (Groundball, 6S, EV 86.9 MPH)
|
|
Batting: LHB Raul Rojas
|
0-0: Called Strike 0-1: Ball 1-1: Called Strike 1-2: SINGLE (Line Drive, 89M, EV 88.8 MPH)
|
|
Batting: RHB Edwin Ramos
|
0-0: Ball 1-0: Ball 2-0: Swinging Strike 2-1: Foul Ball, location: 2F 2-2: Ball 3-2: Strikes out swinging
|
| Bottom of the 1st over - 0 runs, 1 hit, 0 errors, 1 left on base; Minnesota (NYP) 0 - Aberdeen 0 |
| TOP OF THE 2ND |
|
Minnesota (NYP) Twins batting - Pitching for Aberdeen Ironbirds : RHP Brian Tarver
|
|
Batting: RHB Sean Gould
|
0-0: Called Strike 0-1: Ball 1-1: Foul Ball, location: 2F 1-2: Foul Ball, location: 2F 1-2: Ground out 4-3 (Groundball, 4M, EV 98.8 MPH)
|
|
Batting: RHB Graham Calvert
|
0-0: Called Strike 0-1: Ball 1-1: Ball 2-1: Ground out 5-3 (Groundball, 56, EV 90.0 MPH)
|
|
Batting: RHB Tony Crespo
|
0-0: Ball 1-0: Ball 2-0: Foul Ball, location: 2F 2-1: Fly out, F7 (Flyball, 78S, EV 94.4 MPH)
|
| Top of the 2nd over - 0 runs, 0 hits, 0 errors, 0 left on base; Minnesota (NYP) 0 - Aberdeen 0 |
| BOTTOM OF THE 2ND |
|
Aberdeen Ironbirds batting - Pitching for Minnesota (NYP) Twins : LHP Josh Armstrong
|
|
Batting: SHB Jorge Brito
|
0-0: Ball 1-0: Called Strike 1-1: SINGLE (Flyball, 8RS, EV 86.9 MPH)
|
|
Batting: LHB David Best
|
0-0: Ball 1-0: Ball 2-0: Ball 3-0: Base on Balls Jorge Brito to second
|
|
Batting: LHB Bill Ostlund
|
0-0: Ball 1-0: Fielders Choice at 2nd, 1-6 (Groundball, 13, EV 73.8 MPH) Jorge Brito to third
|
|
Batting: LHB Rodolfo Montes
|
0-0: Ball Bill Ostlund steals 2nd, throwing error, E2 Jorge Brito scores Bill Ostlund to third 1-0: Fly out, F7 (Flyball, 7LS, EV 93.1 MPH)
|
|
Batting: SHB Hugo Moreno
|
0-0: Called Strike 0-1: Foul Ball, location: 2F 0-2: Foul Ball, location: 2F 0-2: Ball 1-2: Ball 2-2: Ball 3-2: Base on Balls
|
|
Batting: LHB Shane Free
|
0-0: Called Strike 0-1: Ball 1-1: Ball 2-1: Ball 3-1: Base on Balls Hugo Moreno to second
|
|
Batting: RHB Travis Carter
|
0-0: Foul Ball, location: 2F 0-1: Ball 1-1: Foul Ball, location: 2F 1-2: Ball 2-2: Strikes out swinging
|
| Bottom of the 2nd over - 1 run, 1 hit, 1 error, 3 left on base; Minnesota (NYP) 0 - Aberdeen 1 |
| TOP OF THE 3RD |
|
Minnesota (NYP) Twins batting - Pitching for Aberdeen Ironbirds : RHP Brian Tarver
|
|
Batting: LHB Seung-jun Chang
|
0-0: Ball 1-0: Bunt missed! 1-1: Called Strike 1-2: Strikes out swinging
|
|
Batting: SHB Donell Burney
|
0-0: Reached on error, E6 (Flyball, 6MD, EV 88.8 MPH)
|
|
Batting: LHB Chris Munguia
|
0-0: Reached on error, E3 (Groundball, 34, EV 85.0 MPH) Donell Burney to second
|
|
Batting: RHB David Nardone
|
0-0: Ball 1-0: Called Strike 1-1: Ball 2-1: Ball 3-1: Foul Ball, location: 2F 3-2: Fly out, F9 (Line Drive, 9D, EV 95.0 MPH) Runner from 2nd tags up, SAFE at 3rd, no throw by RF
|
|
Batting: RHB Miguel Diaz
|
0-0: Ball 1-0: Foul Ball, location: 2F 1-1: Called Strike 1-2: Fielders Choice at 2nd, 6-4 (Groundball, 6, EV 86.3 MPH)
|
| Top of the 3rd over - 0 runs, 0 hits, 2 errors, 2 left on base; Minnesota (NYP) 0 - Aberdeen 1 |
| BOTTOM OF THE 3RD |
|
Aberdeen Ironbirds batting - Pitching for Minnesota (NYP) Twins : LHP Josh Armstrong
|
|
Batting: LHB Raul Rojas
|
0-0: Called Strike 0-1: Called Strike 0-2: Strikes out swinging
|
|
Batting: RHB Edwin Ramos
|
0-0: Called Strike 0-1: Ball 1-1: Ball 2-1: Ball 3-1: Swinging Strike 3-2: Foul Ball, location: 2F 3-2: Reached on error, E4 (Popup, 3S, EV 89.4 MPH)
|
|
Batting: SHB Jorge Brito
|
0-0: Called Strike 0-1: Ball 1-1: Called Strike 1-2: Ball 2-2: Foul Ball, location: 2F 2-2: Foul Ball, location: 2F 2-2: Fly out, F8 (Flyball, 8RS, EV 86.3 MPH)
|
|
Batting: LHB David Best
|
0-0: Ground out 4-3 (Groundball, 4, EV 107.5 MPH)
|
| Bottom of the 3rd over - 0 runs, 0 hits, 1 error, 1 left on base; Minnesota (NYP) 0 - Aberdeen 1 |
| TOP OF THE 4TH |
|
Minnesota (NYP) Twins batting - Pitching for Aberdeen Ironbirds : RHP Brian Tarver
|
|
Batting: RHB Michael McDonald
|
0-0: Foul Ball, location: 2F 0-1: Swinging Strike 0-2: Foul Ball, location: 2F 0-2: Foul Ball, location: 2F 0-2: Ball 1-2: Fly out, F9 (Flyball, 89D, EV 98.8 MPH)
|
|
Batting: RHB Sean Gould
|
0-0: Called Strike 0-1: Ground out 4-3 (Groundball, 4, EV 86.9 MPH)
|
|
Batting: RHB Graham Calvert
|
0-0: Ball 1-0: Foul Ball, location: 2F 1-1: Foul Ball, location: 2F 1-2: Ball 2-2: Strikes out looking
|
| Top of the 4th over - 0 runs, 0 hits, 0 errors, 0 left on base; Minnesota (NYP) 0 - Aberdeen 1 |
| BOTTOM OF THE 4TH |
|
Aberdeen Ironbirds batting - Pitching for Minnesota (NYP) Twins : LHP Josh Armstrong
|
|
Batting: LHB Bill Ostlund
|
0-0: Ball 1-0: Called Strike 1-1: Ball 2-1: Ball 3-1: Base on Balls
|
|
Batting: LHB Rodolfo Montes
|
0-0: Ball 1-0: Fielders Choice at 2nd, 3-6 (Groundball, 34S, EV 80.6 MPH)
|
|
Batting: SHB Hugo Moreno
|
0-0: Ball Rodolfo Montes steals 2nd base 1-0: Ball 2-0: Ball 3-0: Base on Balls
|
|
Pitching: RHP Kevin Colgin
|
|
|
Batting: LHB Shane Free
|
0-0: Called Strike Hugo Moreno steals 2nd base Rodolfo Montes steals 3rd base 0-1: Foul Ball, location: 2F 0-2: Ball 1-2: Foul Ball, location: 2F 1-2: Strikes out swinging
|
|
Batting: RHB Travis Carter
|
0-0: SINGLE (Groundball, 6D, EV 95.6 MPH) Rodolfo Montes scores Hugo Moreno to third Runner from 3rd tries for Home, SAFE, throw by LF to home
|
|
Batting: LHB Raul Rojas
|
0-0: Called Strike 0-1: Ball 1-1: Called Strike 1-2: Fly out, F8 (Flyball, 8LXD, EV 81.9 MPH)
|
| Bottom of the 4th over - 2 runs, 1 hit, 0 errors, 1 left on base; Minnesota (NYP) 0 - Aberdeen 3 |
| TOP OF THE 5TH |
|
Minnesota (NYP) Twins batting - Pitching for Aberdeen Ironbirds : RHP Brian Tarver
|
|
Batting: RHB Tony Crespo
|
0-0: Ball 1-0: Foul Ball, location: 2F 1-1: Swinging Strike 1-2: Strikes out looking
|
|
Batting: LHB Seung-jun Chang
|
0-0: Ball 1-0: Ball 2-0: Called Strike 2-1: Called Strike 2-2: Foul Ball, location: 2F 2-2: Strikes out swinging
|
|
Batting: SHB Donell Burney
|
0-0: Called Strike 0-1: Fly out, F4 (Line Drive, 4, EV 73.8 MPH)
|
| Top of the 5th over - 0 runs, 0 hits, 0 errors, 0 left on base; Minnesota (NYP) 0 - Aberdeen 3 |
| BOTTOM OF THE 5TH |
|
Aberdeen Ironbirds batting - Pitching for Minnesota (NYP) Twins : RHP Kevin Colgin
|
|
Batting: RHB Edwin Ramos
|
0-0: Ball 1-0: Called Strike 1-1: Foul Ball, location: 2F 1-2: Ball 2-2: Foul Ball, location: 2F 2-2: Ball 3-2: Base on Balls
|
|
Batting: SHB Jorge Brito
|
0-0: Ball 1-0: Called Strike 1-1: SINGLE (Line Drive, 7S, EV 99.4 MPH) Edwin Ramos to second
|
|
Pitching: RHP Matt Lundy
|
|
|
Batting: LHB David Best
|
0-0: Ball 1-0: SINGLE (Groundball, 56D, EV 103.8 MPH) Edwin Ramos to third Jorge Brito to second
|
|
Batting: LHB Bill Ostlund
|
0-0: Ball 1-0: Ball 2-0: Ball Wild Pitch! Edwin Ramos scores Jorge Brito to third David Best to second 3-0: Called Strike 3-1: Base on Balls
|
|
Batting: LHB Rodolfo Montes
|
0-0: Ball 1-0: Ball 2-0: Ball 3-0: Called Strike 3-1: Base on Balls Jorge Brito scores David Best to third Bill Ostlund to second
|
|
Batting: SHB Hugo Moreno
|
0-0: Ball 1-0: Foul Ball, location: 2F 1-1: DOUBLE (Flyball, 8LXD, EV 95.0 MPH) David Best scores Bill Ostlund scores Rodolfo Montes to third
|
|
Batting: LHB Shane Free
|
0-0: Ball 1-0: Called Strike 1-1: Called Strike 1-2: SINGLE (Groundball, 5S, EV 68.1 MPH) (infield hit) Rodolfo Montes scores Hugo Moreno to third
|
|
Batting: RHB Travis Carter
|
0-0: Called Strike 0-1: Ball 1-1: Ball Shane Free steals 2nd, throwing error, E2 Hugo Moreno scores Shane Free to third 2-1: Ball 3-1: Base on Balls
|
|
Batting: LHB Raul Rojas
|
0-0: Swinging Strike 0-1: Swinging Strike 0-2: Ball 1-2: Strikes out looking
|
|
Batting: RHB Edwin Ramos
|
0-0: Ball 1-0: SINGLE (Flyball, 34D, EV 90.0 MPH) Shane Free scores Travis Carter to second
|
|
Pitching: RHP Dean Huch
|
|
|
Batting: SHB Jorge Brito
|
0-0: Called Strike 0-1: Foul Ball, location: 2F 0-2: Ball 1-2: Ball 2-2: Ball 3-2: Strikes out swinging
|
|
Batting: LHB David Best
|
0-0: Ball Balk! Travis Carter to third Edwin Ramos to second 1-0: Ball 2-0: 3-RUN HOME RUN (Flyball, 9D, EV 94.4 MPH), Distance : 378 ft
|
|
Batting: LHB Bill Ostlund
|
0-0: Ball 1-0: Ball 2-0: Swinging Strike 2-1: Ball 3-1: Base on Balls
|
|
Batting: LHB Rodolfo Montes
|
0-0: Ball 1-0: Ball 2-0: Ground out 4-3 (Groundball, 34, EV 111.3 MPH)
|
| Bottom of the 5th over - 10 runs, 6 hits, 1 error, 1 left on base; Minnesota (NYP) 0 - Aberdeen 13 |
| TOP OF THE 6TH |
|
Minnesota (NYP) Twins batting - Pitching for Aberdeen Ironbirds : RHP Brian Tarver
|
|
Batting: LHB Chris Munguia
|
0-0: Fly out, F8 (Flyball, 8LD, EV 103.1 MPH)
|
|
Batting: RHB David Nardone
|
0-0: Ground out U3 (Groundball, 3, EV 85.6 MPH)
|
|
Batting: RHB Miguel Diaz
|
0-0: Ball 1-0: Called Strike 1-1: Ball 2-1: Called Strike 2-2: Fly out, F9 (Flyball, 9LM, EV 85.6 MPH)
|
| Top of the 6th over - 0 runs, 0 hits, 0 errors, 0 left on base; Minnesota (NYP) 0 - Aberdeen 13 |
| BOTTOM OF THE 6TH |
|
Aberdeen Ironbirds batting - Pitching for Minnesota (NYP) Twins : RHP Dean Huch
|
|
Batting: SHB Hugo Moreno
|
0-0: Fly out, F8 (Flyball, 8RS, EV 95.0 MPH)
|
|
Batting: LHB Shane Free
|
0-0: Foul Ball, location: 2F 0-1: Ground out U3 (Groundball, 34, EV 109.4 MPH)
|
|
Batting: RHB Travis Carter
|
0-0: Called Strike 0-1: Ball 1-1: Ball 2-1: Ball 3-1: Foul Ball, location: 2F 3-2: Base on Balls
|
|
Batting: LHB Raul Rojas
|
0-0: Swinging Strike 0-1: Ground out 4-3 (Groundball, 4, EV 84.4 MPH)
|
| Bottom of the 6th over - 0 runs, 0 hits, 0 errors, 1 left on base; Minnesota (NYP) 0 - Aberdeen 13 |
| TOP OF THE 7TH |
|
Minnesota (NYP) Twins batting - Pitching for Aberdeen Ironbirds : RHP Brian Tarver
|
|
Batting: RHB Michael McDonald
|
0-0: Called Strike 0-1: Fly out, F3 (Popup, 34, EV 63.1 MPH)
|
|
Batting: RHB Sean Gould
|
0-0: Called Strike 0-1: Ball 1-1: Called Strike 1-2: Strikes out swinging
|
|
Batting: RHB Graham Calvert
|
0-0: Foul Ball, location: 2F 0-1: Called Strike 0-2: SINGLE (Flyball, 56D, EV 96.3 MPH)
|
|
Batting: RHB Tony Crespo
|
0-0: Ball 1-0: Ball 2-0: SINGLE (Line Drive, 34, EV 105.0 MPH) Graham Calvert to second
|
|
Batting: LHB Seung-jun Chang
|
0-0: Ball 1-0: Ground out 4-3 (Groundball, 34, EV 107.5 MPH)
|
| Top of the 7th over - 0 runs, 2 hits, 0 errors, 2 left on base; Minnesota (NYP) 0 - Aberdeen 13 |
| BOTTOM OF THE 7TH |
|
Aberdeen Ironbirds batting - Pitching for Minnesota (NYP) Twins : RHP Dean Huch
|
|
Batting: RHB Edwin Ramos
|
0-0: Foul Ball, location: 2F 0-1: Called Strike 0-2: Ground out U3 (Groundball, 13, EV 90.6 MPH)
|
|
Pitching: RHP Ruben Torres
|
|
|
Batting: SHB Jorge Brito
|
0-0: Called Strike 0-1: Ball 1-1: Foul Ball, location: 2F 1-2: Strikes out looking
|
|
Pinch Hitting: RHB Juan Estrada
|
0-0: Ground out 5-3 (Groundball, 56S, EV 81.9 MPH)
|
| Bottom of the 7th over - 0 runs, 0 hits, 0 errors, 0 left on base; Minnesota (NYP) 0 - Aberdeen 13 |
| TOP OF THE 8TH |
|
Minnesota (NYP) Twins batting - Pitching for Aberdeen Ironbirds : RHP Brian Tarver
|
|
Now in LF: Juan Estrada
|
|
|
Batting: SHB Donell Burney
|
0-0: Ball 1-0: Called Strike 1-1: Ball 2-1: Ground out U3 (Groundball, 3, EV 87.5 MPH)
|
|
Batting: LHB Chris Munguia
|
0-0: Foul Ball, location: 2F 0-1: Ball 1-1: Foul Ball, location: 2F 1-2: Strikes out looking
|
|
Batting: RHB David Nardone
|
0-0: Ball 1-0: Swinging Strike 1-1: Ball 2-1: Foul Ball, location: 2F 2-2: Strikes out looking
|
| Top of the 8th over - 0 runs, 0 hits, 0 errors, 0 left on base; Minnesota (NYP) 0 - Aberdeen 13 |
| BOTTOM OF THE 8TH |
|
Aberdeen Ironbirds batting - Pitching for Minnesota (NYP) Twins : RHP Ruben Torres
|
|
Batting: LHB Bill Ostlund
|
0-0: Ball 1-0: Foul Ball, location: 2F 1-1: Ball 2-1: SINGLE (Groundball, 3S, EV 65.0 MPH) (infield hit)
|
|
Batting: LHB Rodolfo Montes
|
0-0: Ball 1-0: Ball 2-0: Foul Ball, location: 2F 2-1: Fly out, F8 (Flyball, 8RD, EV 86.9 MPH)
|
|
Batting: SHB Hugo Moreno
|
0-0: Swinging Strike 0-1: Ball 1-1: Swinging Strike 1-2: Strikes out looking
|
|
Batting: LHB Shane Free
|
0-0: Ball 1-0: Foul Ball, location: 2F 1-1: Swinging Strike 1-2: Ground out U3 (Groundball, 34, EV 80.6 MPH)
|
| Bottom of the 8th over - 0 runs, 1 hit, 0 errors, 1 left on base; Minnesota (NYP) 0 - Aberdeen 13 |
| TOP OF THE 9TH |
|
Minnesota (NYP) Twins batting - Pitching for Aberdeen Ironbirds : RHP Brian Tarver
|
|
Pitching: LHP Randy Adams
|
|
|
Pinch Hitting: RHB Mario Salazar
|
0-0: Ground out 4-3 (Groundball, 34, EV 111.3 MPH)
|
|
Batting: RHB Michael McDonald
|
0-0: Ball 1-0: Fly out, F8 (Line Drive, 8LM, EV 92.5 MPH)
|
|
Batting: RHB Sean Gould
|
0-0: Called Strike 0-1: Swinging Strike 0-2: Ball 1-2: Ball 2-2: Strikes out swinging
|
| Top of the 9th over - 0 runs, 0 hits, 0 errors, 0 left on base; Minnesota (NYP) 0 - Aberdeen 13 |
|